 Dungeon Crawl Stone Soup version 0.31-a0-640-g39d97e502b (webtiles) character file.

Game seed: 10720230684350915471

98 qw the Shooter (level 4, -3/28 HPs)
             Began as a Gargoyle Hunter on Aug 27, 2023.
             Killed by divine providence
             ... invoked by an orc priest
              (12 damage)
             ... on level 3 of the Dungeon.
             The game lasted 00:00:49 (1872 turns).

qw the Shooter (Gargoyle Hunter)                    Turns: 1872, Time: 00:00:49

Health: -3/28      AC:  8    Str: 15    XL:     4   Next: 69%
Magic:  4/4        EV: 11    Int:  9    God:
Gold:   21         SH:  0    Dex: 15    Spells: 3/3 levels left

rFire   + . .        Y - +0 shortbow
rCold   + . .        (shield currently unavailable)
rNeg    + . .        d - +0 ring mail
rPois   inf          (no helmet)
rElec   +            e - scarf {rC+ rF+}
rCorr   .            (no gloves)
SInv    .            (no boots)
Will    .....        (no amulet)
Stlth   +            (no ring)
HPRegen 0.24/turn    (no ring)
MPRegen 0.09/turn

%: no passive effects
@: no status effects
A: sickness immunity, AC +3, negative energy resistance 1, electricity
resistance, torment resistance 1, petrification resistance
a: no special abilities


You were on level 3 of the Dungeon.
You visited 1 branch of the dungeon, and saw 3 of its levels.

You collected 21 gold pieces.


Innate Abilities, Weirdness & Mutations

You are immune to sickness and miasma.
Your stone body is resilient. (AC +3)
You are immune to poison.
You resist negative energy. (rN+)
You are resistant to electric shocks. (rElec)
You are resistant to unholy torment.
You are immune to petrification.


   Skills:
 - Level 3.0 Fighting
 + Level 5.4 Ranged Weapons
 - Level 1.0 Armour
 - Level 1.5 Dodging
 - Level 1.1 Stealth


You had 3 spell levels left.
You didn't know any spells.
Your spell library was empty.

Inventory:

Hand Weapons
 Y - a +0 shortbow (weapon)
Armour
 d - a +0 ring mail (worn)
 e - a scarf of resistance (worn)
Jewellery
 g - a ring of fire
Scrolls
 a - 2 scrolls of teleportation
Potions
 b - a potion of enlightenment {unknown}
 f - a potion of berserk rage {unknown}
 h - a potion of magic {unknown}
 i - a potion of cancellation {unknown}
 k - 2 potions of heal wounds {unknown}

Dungeon Overview and Level Annotations

Branches:
Dungeon (3/15)

Altars:

Annotations:
D:3 Ijyb


Message History

The arrow hits the orc priest but does no damage.
The orc priest is moderately wounded.
You shoot an arrow.
The arrow hits the orc priest but does no damage.
The orc priest is moderately wounded.
The orc priest casts a cantrip, but nothing happens.
You shoot an arrow.
The arrow hits the orc priest but does no damage.
The orc priest is moderately wounded.
The orc priest invokes the aid of Beogh against you.
You barely resist. The orc hits you but does no damage.
The orc priest suddenly complains.
You shoot an arrow. The arrow hits the orc.
The orc is moderately wounded.
The orc hits you but does no damage.
You shoot an arrow. The arrow completely misses the orc.
The arrow hits the orc priest.
The orc priest is moderately wounded.
The orc misses you.
You shoot an arrow. The arrow barely misses the orc.
The arrow closely misses the orc priest.
The orc hits you with a +0 mace.
You shoot an arrow. The arrow closely misses the orc.
The arrow hits the orc priest!
The orc priest is almost dead.
The orc completely misses you.
You shoot an arrow. The arrow hits the orc.
The orc is heavily wounded.
The orc hits you but does no damage. x2
You shoot an arrow. The arrow closely misses the orc.
The arrow hits the orc priest but does no damage.
The orc priest is almost dead.
The orc priest looks satisfied for a moment.
The orc priest begins to cast a cantrip, but forgets the words!
The orc hits you with a +0 mace.
You shoot an arrow. The arrow hits the orc.
The orc is severely wounded.
The orc priest invokes the aid of Beogh against you.
Beogh smites you!
You die...

#. ##.... #.
..... (..#
#.#..?. #..#
#.....
#$o###......
o........ >.
#.....oo##.
#)# #o#.. #
#####g# #@#.#
#.#.....#
#.#.#
##%#.#####
#.#.####.#
#....#
#........#
#..%.##.#
###.######
.... #.# #.#
##### .## #.#
#.# ##...##
#######.#
##.###.....##
#.......#
#...#.......#


You could see 2 orc priests and an orc.

Vanquished Creatures
  A gnoll (D:1)
  3 adders (D:2)
  A worm (D:2)
  2 orcs (D:3)
  4 ball pythons
  7 endoplasms
  2 giant cockroaches
  5 goblins
  2 hobgoblins (D:1)
  10 kobolds
  3 quokkas (D:1)
  5 bats
  2 frilled lizards (D:1)
  6 rats
53 creatures vanquished.

Notes
Turn   | Place    | Note
-------+----------+-------------------------------------------
     0 | D:1      | qw the Gargoyle Hunter began the quest for the Orb.
     0 | D:1      | Reached XP level 1. HP: 12/12 MP: 1/1
     0 | D:1      | 0 ||| qw: Version: 0.3-a-74-g0d5e918
     0 | D:1      | 0 ||| qw: Game counter: 58
     0 | D:1      | 0 ||| qw: Melee chars always use a shield: true
     0 | D:1      | 0 ||| qw: God list: Okawaru
     0 | D:1      | 0 ||| qw: Allow faded altars: false
     0 | D:1      | 0 ||| qw: Do Orc after clearing Dungeon:15 true
     0 | D:1      | 0 ||| qw: Do second Lair branch before Depths: true
     0 | D:1      | 0 ||| qw: Lair rune preference: random
     0 | D:1      | 0 ||| qw: Goals: Normal
     0 | D:1      | 0 ||| PLANNING D:1-11
    94 | D:1      | Found a faded altar of an unknown god.
   150 | D:1      | Reached XP level 2. HP: 17/17 MP: 2/2
   259 | D:1      | Reached XP level 3. HP: 15/21 MP: 3/3
   315 | D:1      | Reached skill level 5 in Ranged Weapons
   958 | D:1      | 958 ||| UPGRADING to +0 ring mail.
   968 | D:1      | 968 ||| DROPPING +0 leather armour.
   969 | D:1      | 969 ||| UPGRADING to scarf of resistance.
   974 | D:1      | 974 ||| READING scroll labelled OCLI SIXZEB.
   978 | D:1      | 978 ||| READING scroll labelled OSTRIE YPPIERA.
   979 | D:1      | 979 ||| DROPPING scroll of butterflies.
  1008 | D:2      | Reached skill level 1 in Armour
  1103 | D:2      | Reached skill level 3 in Fighting
  1103 | D:2      | Reached XP level 4. HP: 28/28 MP: 4/4
  1603 | D:2      | 1603 ||| READING scroll labelled WUPPIT KE NEIH.
  1604 | D:2      | 1604 ||| READING scroll labelled TAG XAVVO UTHO.
  1721 | D:3      | Noticed Ijyb
  1729 | D:3      | HP: 6/28 [Ijyb/+0 dagger (5)]
  1730 | D:3      | 1730 ||| READING 3 scrolls of teleportation.
  1730 | D:3      | HP: 1/28 [Ijyb/bolt of acid (5)]
  1860 | D:3      | 1860 ||| Stepping ~*~*~tactically~*~*~ (outnumbered).
  1872 | D:3      | Killed from afar by an orc priest

Levels and vault maps discovered:
D:1:      ncdulo_smallfort, layout_basic, nicolae_ecumenical_lake_church,
          st_stairs_3, minivault_27
D:2:      layout_basic
D:3:      minmay_bubble_buster, layout_loops_corners, minitemple,
          chequers_serial_rivers_micro_d, wander_ebering_terrifying_dragon_lair,
          uniq_sigmund, uniq_ijyb

Skill      XL: |  1  2  3 |
---------------+----------+-----
Ranged Weapons | 5 |  5.4
Armour         | 1 |  1.0
Fighting       | 3 |  3.0
Dodging        | |  1.5
Stealth        | |  1.1

Action                     |  1- 3 |  4- 6 || total
---------------------------+-------+-------++-------
   Fire: Shortbow          |   136 |    84 ||   220
    Use: Scroll            |     2 |     3 ||     5
 Armour: Leather armour    |    23 |       ||    23
         Ring mail         |     2 |    22 ||    24
  Dodge: Dodged            |    34 |    21 ||    55

Table legend:
 A = Non-vault XP
 B = Vault XP
 C = Vault XP percentage of total XP
 D = Non-vault monster count
 E = Vault monster count
 F = Vault count percentage of total count
                 A         B        C        D         E       F
            +---------+---------+-------+---------+---------+-------
      Total |     134 |       6 |   4.3 |      50 |       3 |   5.7
            +---------+---------+-------+---------+---------+-------
        D:1 |      56 |       6 |   9.7 |      28 |       3 |   9.7
        D:2 |      67 |       0 |   0.0 |      17 |       0 |   0.0
        D:3 |      11 |       0 |   0.0 |       5 |       0 |   0.0
            +---------+---------+-------+---------+---------+-------
